General information
- name: BNet
- type: Ladder 1vs1/FFA
- host: Battle.net
- saver: Biddymonger
map: TerenasStand
- players: 2
- length: 08:54
- speed: Fast
- version: 1.21 W3XP
- replay type: Public
» download(29 KB)
Players
team 1 (loser)
I)oomI)xistnc (
red | 77 APM | 681 actions | 08:52)
2 Death Knight
1 Death Coil
1 Unholy Aura
1 Lich
1 Frost Nova
» actions
| Assign group hotkey | 20 | |
| Build / train | 24 | |
| Enter build submenu | 12 | |
| Enter hero's abilities submenu | 3 | |
| Give item / drop item | 2 | |
| Right click | 346 | |
| Select / deselect | 100 | |
| Select group hotkey | 152 | |
| Use ability | 22 | |
681 total
» units
| Acolyte | 2 | |
| Ghoul | 11 | |
| Goblin Shredder | 1 | |
| Obsidian Statue | 1 | |
15 total
» buildings
| Altar of Darkness | 1 | |
| Ziggurat | 4 | |
| Crypt | 1 | |
| Tomb of Relics | 1 | |
| Halls of the Dead | 1 | |
| Graveyard | 1 | |
| Nerubian Tower | 1 | |
| Black Citadel | 1 | |
| Slaughterhouse | 2 | |
13 total
» build order
00:08 Altar of Darkness
00:11 Ziggurat
00:34 Crypt
00:49 Tomb of Relics
01:09 Ziggurat
03:02 Halls of the Dead
03:32 Graveyard
03:37 Nerubian Tower
04:13 Ziggurat
05:29 Black Citadel
05:53 Slaughterhouse
06:01 Slaughterhouse
06:39 Ziggurat
» items
team 2 (winner)
Biddymonger (
blue | 90 APM | 798 actions | 08:54)
4 Mountain King
2 Storm Bolt
2 Bash
» actions
| Assign group hotkey | 135 | |
| Basic commands | 3 | |
| Build / train | 33 | |
| ESC pressed | 2 | |
| Enter build submenu | 16 | |
| Enter hero's abilities submenu | 4 | |
| Remove unit from queue | 2 | |
| Right click | 270 | |
| Select / deselect | 186 | |
| Select group hotkey | 111 | |
| Use ability | 36 | |
798 total
» units
| Peasant | 9 | |
| Footman | 1 | |
| Rifleman | 10 | |
| Goblin Shredder | 1 | |
| Goblin Sapper | 1 | |
22 total
» buildings
| Altar of Kings | 1 | |
| Farm | 7 | |
| Barracks | 2 | |
| Blacksmith | 1 | |
| Arcane Vault | 1 | |
| Scout Tower | 4 | |
| Lumber Mill | 1 | |
| Keep | 1 | |
| Arcane Tower | 1 | |
19 total
» build order
00:10 Altar of Kings
00:35 Farm
01:07 Barracks
01:14 Farm
01:37 Blacksmith
02:06 Farm
03:31 Farm
04:31 Arcane Vault
04:35 Farm
05:31 Farm
06:17 Scout Tower
06:18 Scout Tower
06:24 Scout Tower
06:25 Scout Tower
07:03 Farm
07:05 Lumber Mill
07:12 Keep
07:15 Arcane Tower
08:50 Barracks
» items
| Scroll of Regeneration | 1 | |
| Lesser Clarity Potion | 1 | |
2 total
Chat log
(00:16 / All) I)oomI)xistnc: gl
(00:23 / All) Biddymonger: have a good game ^_^
(00:28 / All) I)oomI)xistnc: lol kk\
(00:44 / All) Biddymonger: never played a lvl 30+ before..
(03:17 / All) I)oomI)xistnc: theres some bull
(08:29 / All) I)oomI)xistnc: omg
(08:49 / All) I)oomI)xistnc: well i think ur full of shit